 Dungeon Crawl Stone Soup version 0.18-a0-750-g37044d6 (webtiles) character file.

37 gorblad the Slasher (level 3, 0/43 HPs)
             Began as a Human Chaos Knight on Dec 11, 2015.
             Slain by a giant gecko (3 damage)
             ... on level 2 of the Dungeon.
             The game lasted 00:03:20 (1076 turns).

gorblad the Slasher (Human Chaos Knight)            Turns: 1076, Time: 00:03:21

Health: 0/43       AC: 21    Str: 16      XL:     3   Next: 62%
Magic:  3/3        EV:  2    Int: 14 (17) God:    Xom [..*...]
Gold:   92         SH:  0    Dex: 12      Spells: 0 memorised, 2 levels left

rFire  . . .     SeeInvis .     a - +0 falchion (chaos)
rCold  . . .     Clarity  .     (armour currently unavailable)
rNeg   + + +     SustAt   .     (no shield)
rPois  +         Gourm    .     (helmet currently unavailable)
rElec  .         Spirit   .     (cloak currently unavailable)
rCorr  .         Dismiss  .     (gloves currently unavailable)
rMut   .         NoTele   +     (boots currently unavailable)
MR     .....                    (no amulet)
Stlth  +.........               (no ring)
                                o - +3 ring of strength

@: brilliant, tree-form, not resistant to hostile enchantments, very unstealthy
A: (fangs 0), (yellow scales 0)
a: Renounce Religion


You were on level 2 of the Dungeon.
You worshipped Xom.
You were a toy of Xom.
You were not hungry.
You were a tree.
You visited 1 branch of the dungeon, and saw 2 of its levels.

You collected 92 gold pieces.

Inventory:

Hand Weapons
 a - a +0 falchion of chaos (weapon)
Armour
 b - a +2 leather armour (melded)
 h - a +0 pair of boots (melded)
Jewellery
 o - a +3 ring of strength (left branch)
Scrolls
 g - a scroll of remove curse
Potions
 i - a potion of cancellation
Comestibles
 c - a bread ration
 j - 2 fruits
 k - a slice of pizza
 l - a beef jerky


   Skills:
 + Level 3.3 Fighting
 + Level 3.4 Long Blades
 + Level 2.4 Armour
 + Level 1.7 Dodging


You had 2 spell levels left.
You didn't know any spells.

Dungeon Overview and Level Annotations

Branches:
Dungeon (2/15)

Altars:

Annotations:
D:2 Sigmund


Innate Abilities, Weirdness & Mutations

((You have very sharp teeth.))
((You are partially covered in yellow scales (AC +2).))


Message History

The giant gecko bites you but does no damage.
You hit the giant gecko. You freeze the giant gecko.
The giant gecko is moderately wounded.
The giant gecko bites you but does no damage.
Something hits you but does no damage.
You closely miss the giant gecko.
The giant gecko is moderately wounded.
The giant gecko bites you but does no damage.
Something hits you but does no damage. The giant gecko barely misses you.
You miss the giant gecko.
The giant gecko is moderately wounded.
The giant gecko bites you but does no damage.
Something hits you but does no damage.
You hit the giant gecko but do no damage.
Space bends around the giant gecko.
The giant gecko is severely wounded.
The giant gecko bites you but does no damage.
The giant gecko bites you.
You die... "What!?
That's it?"

#).##.. #.>##.#
#....# #..##.#
#....# #.$##.#
#<... #.....#
#... #.##..#
#.. #.....# #.#
####..#######l#
##.......†♣#
#.#####{#†# #<#
#.#.# #.# #.#.#
#.. ..... ####
#.#.# #.#.#
..#.#


You could see a giant gecko.

Vanquished Creatures
  An adder (D:2)
  2 giant cockroaches
  6 goblins (D:1)
  4 hobgoblins (D:1)
  2 kobolds (D:1)
  A ball python (D:2)
  3 bats
  2 giant geckos (D:1)
  2 giant newts (D:1)
  5 rats (D:1)
28 creatures vanquished.

Notes
Turn   | Place    | Note
--------------------------------------------------------------
     0 | D:1      | gorblad the Human Chaos Knight began the quest for the Orb.
     0 | D:1      | Reached XP level 1. HP: 18/18 MP: 1/1
   133 | D:1      | Reached XP level 2. HP: 22/24 MP: 2/2
   133 | D:1      | XOM: divination: detect creatures
   202 | D:1      | XOM: potion effect (might)
   215 | D:1      | XOM: harmless Divn miscast
   271 | D:1      | XOM: harmless Divn miscast
   463 | D:1      | XOM: give mutations
   463 | D:1      | Gained mutation: You have very sharp teeth. [Xom's grace]
   463 | D:1      | Gained mutation: You are partially covered in yellow scales (AC +2). [Xom's grace]
   638 | D:1      | Reached XP level 3. HP: 29/29 MP: 3/3
   699 | D:1      | XOM: noise
   736 | D:1      | XOM: god gift: 26 gold pieces
   855 | D:2      | Noticed Sigmund
   869 | D:1      | HP: 1/29 [poisoned by an adder]
  1061 | D:2      | XOM: potion effect (brilliance)
  1069 | D:2      | XOM: silly message
  1071 | D:2      | HP: 2/43 [something (3)]
  1076 | D:2      | Slain by a giant gecko

Vault maps used:
D:1:      scummos_arrival_simple_fountains
D:2:      first_bread, uniq_sigmund

Action                   || total
-------------------------++-------
Melee: Falchion          ||   109
  Use: Potion            ||     4
       Scroll            ||     2
 Stab: Sleeping          ||     1
  Eat: Chunk             ||     1
